 Dungeon Crawl Stone Soup version 0.25.1-1-g288607f (webtiles) character file.

Game seed: 2187380366906040413

12293 Mpower181 the Brawler (level 11, -5/101 HPs)
             Began as a Troll Monk on Sept 24, 2020.
             Was a High Priest of Dithmenos.
             Succumbed to a green very ugly thing's poison
             ... on level 11 of the Dungeon.
             The game lasted 00:53:20 (9954 turns).

Mpower181 the Brawler (Troll Monk)                  Turns: 9954, Time: 00:53:21

Health: -5/101     AC:  8    Str: 26    XL:     11   Next: 60%
Magic:  10/10      EV: 13    Int: 10    God:    Dithmenos [*****.]
Gold:   523        SH:  0    Dex: 12    Spells: 10/10 levels left

rFire    + . .     SeeInvis .     - Unarmed
rCold    . . .     Gourm    +   (no shield)
rNeg     . . .     Faith    +   a - +2 robe
rPois    .         Spirit   .   (helmet restricted)
rElec    .         Reflect  .   (no cloak)
rCorr    .         Harm     .   (gloves unavailable)
MR       +....                  (boots unavailable)
Stlth    ++........             u - amulet of faith
HPRegen  0.66/turn              s - ring of protection from fire
MPRegen  0.12/turn              z - ring "Yfacibu" {MR+ Str+2 Int+4}

@: lethally poisoned (-5 -> -52), wreathed by umbra, very slow
A: large, unfitting armour, claws 3, fast metabolism 3, gourmand, regeneration
1, shaggy fur 1, tough skin 3
a: Shadow Step, Shadow Form, Renounce Religion


You were on level 11 of the Dungeon.
You worshipped Dithmenos.
Dithmenos was extremely pleased with you.
You were full.

You visited 2 branches of the dungeon, and saw 12 of its levels.

You collected 588 gold pieces.
You spent 65 gold pieces at shops.

Inventory:

Hand Weapons
 j - a +1 vorpal mace
Armour
 a - a +2 robe (worn)
Jewellery
 n - an uncursed ring of resist corrosion
 s - a ring of protection from fire (left claw)
 u - an amulet of faith (around neck)
 y - an uncursed amulet of regeneration
 z - the ring "Yfacibu" (right claw) {MR+ Str+2 Int+4}
   (You found it on level 7 of the Dungeon)

   [ring of protection from magic]

   It affects your strength (+2).
   It affects your intelligence (+4).
   It affects your resistance to hostile enchantments.
 C - an uncursed ring of fire
 D - an uncursed ring of protection from cold {unknown}
Wands
 d - a wand of random effects (46)
 f - a wand of disintegration (13)
 p - a wand of digging (5)
 x - a wand of paralysis (30)
 B - a wand of polymorph (16)
Scrolls
 g - 4 scrolls of identify
 l - 4 scrolls of teleportation
 q - a scroll of immolation
 r - 5 scrolls of amnesia
 v - 2 scrolls of magic mapping
 F - 3 scrolls of remove curse {unknown}
 G - a scroll of enchant armour
Potions
 c - a potion of ambrosia
 e - a potion of brilliance {unknown}
 h - a potion of magic {unknown}
 i - a potion of might {unknown}
 k - 4 potions of curing
 m - a potion of resistance {unknown}
 o - 2 potions of stabbing
 t - a potion of degeneration {unknown}
 w - a potion of cancellation {unknown}
 A - a potion of mutation {unknown}
 E - a potion of invisibility {unknown}
Comestibles
 b - 28 rations


   Skills:
 + Level 4.6 Fighting
 + Level 7.6 Dodging
 - Level 1.0 Stealth
 + Level 15.4 Unarmed Combat


You had 10 spell levels left.
You didn't know any spells.
Your spell library contained the following spells:

 Spells                   Type           Power        Failure   Level  Hunger
 Animate Skeleton         Necr           N/A          36%         1    ##.....
 Apportation              Tloc           #.....       36%         1    ##.....
 Corona                   Hex            #......      36%         1    ##.....
 Foxfire                  Conj/Fire      #...         36%         1    ##.....
 Pain                     Necr           #...         36%         1    ##.....
 Summon Small Mammal      Summ           #...         36%         1    ##.....
 Call Imp                 Summ           #.......     50%         2    ###....
 Ensorcelled Hibernation  Hex/Ice        #.....       50%         2    ###....
 Call Canine Familiar     Summ           #.......     75%         3    ####...
 Confusing Touch          Hex            #.......     75%         3    ####...
 Conjure Flame            Conj/Fire      #.......     75%         3    ####...
 Dazzling Flash           Conj/Hex       #.....       75%         3    ####...
 Inner Flame              Hex/Fire       #.......     75%         3    ####...
 Summon Guardian Golem    Hex/Summ       #.......     75%         3    ####...
 Tukima's Dance           Hex            #.......     75%         3    ####...
 Vampiric Draining        Necr           #.........   75%         3    ####...
 Animate Dead             Necr           N/A          98%         4    #####..
 Sticky Flame             Conj/Fire      #.......     98%         4    #####..
 Summon Ice Beast         Ice/Summ       #.......     98%         4    #####..
 Summon Lightning Spire   Summ/Air       #.......     98%         4    #####..
 Agony                    Necr           #.......     100%        5    ######.
 Fireball                 Conj/Fire      #.........   100%        5    ######.


Dungeon Overview and Level Annotations

Branches:
Dungeon (11/15)            Temple (1/1) D:4            Lair (0/6) D:8
    Orc (0/2) D:11

Altars:
Ashenzari
Cheibriados
Dithmenos
Elyvilon
Fedhas
Gozag
Hepliaklqana
Kikubaaqudgha
Makhleb
Nemelex Xobeh
Okawaru
Ru
Sif Muna
Trog
Uskayaw
Vehumet
Wu Jian
Xom
Zin
The Shining One

Shops:
D:7 !*?   D:8 *[


Innate Abilities, Weirdness & Mutations

You are too large for most types of armour.
You have claws for hands.
Your metabolism is lightning-fast.
You like to eat raw meat.
Your natural rate of healing is unusually fast.
You are covered in fur. (AC +1)
You have extremely tough skin. (AC +3)


Message History

The green very ugly thing is lightly wounded.
Your shadow hits the green very ugly thing but does no damage.
The green very ugly thing tentacle-slaps you!
Something hits you but does no damage.
The green very ugly thing tentacle-slaps you.
The green very ugly thing tentacle-slaps you!!
You are lethally poisoned!
The green very ugly thing poisons you!
* * * LOW HITPOINT WARNING * * *
You feel extremely sick.
You hear some strange, mumbled words.
A stone arrow appears from out of thin air!
The stone arrow misses you.
You hear a splashing noise.
The green very ugly thing tentacle-slaps you!
* * * LOW HITPOINT WARNING * * *
* * * LOW HITPOINT WARNING * * *
You feel extremely sick.
The green very ugly thing completely misses you.
You die...

################.###.#.#### #....
........)))..............>###....
######..########............#....
######.............###......#.#..
............................)..÷.
######..#############.......÷....
#..# #### ##.##.#÷#.#.. ######..#
###≈≈### #.##.#.#.#.. ........#
##≈{≈@≈≈###.##........ ..####..#
#≈≈u##≈..##.##...#.#.. #.## #..#
#≈≈####..##........... #..# #..#
#≈.# ##..##........... ##.# #..#
#!..? #8..8#.##.....#.. ##.###..#
#[..( ##≈.##........#.. ....##..#
#?..$###≈≈##.#......#.. ###.##..#
##[[###≈≈≈##.#......#.. # #..#..#
#####..≈≈##...........


You could see a green very ugly thing.

Vanquished Creatures
  A two-headed ogre (D:10)
  A wizard (D:11)
  6 ugly things (D:11)
  A gargoyle (D:10)
  2 hornets
  Grinder (D:4)
  A hippogriff (D:8)
  2 shadows
  A basilisk (D:11)
  A human (D:7)
  7 yaks (D:11)
  4 hogs (D:7)
  Edmund (D:4)
  Duvessa (D:7)
  3 porcupines (D:8)
  6 black bears
  2 phantoms
  3 ice beasts
  3 sky beasts
  3 ogres
  3 orc warriors
  A necrophage (D:10)
  3 centaurs
  2 crocodiles (D:8)
  A big kobold (D:8)
  8 bullfrogs
  A water moccasin zombie (D:6)
  Dowan (D:7)
  2 scorpions
  5 howler monkeys
  3 wights (D:7)
  4 crimson imps
  5 jellies
  3 bullfrog skeletons
  3 hounds
  4 orc priests
  3 centaur skeletons
  2 iguanas (D:6)
  Jessica (D:2)
  Terence (D:3)
  12 orc wizards
  Ijyb (D:3)
  2 worker ants
  2 worker ant zombies
  Robin (D:2)
  17 adders
  An ooze (D:4)
  An adder skeleton (D:6)
  2 adder zombies
  2 worms (D:2)
  5 leopard geckos
  62 orcs
  10 giant cockroaches
  15 goblins
  10 hobgoblins
  17 jackals
  8 quokkas
  3 ball pythons (D:2)
  9 bats
  7 frilled lizards
  A jackal skeleton (D:5)
  17 kobolds
  A quokka zombie (D:7)
  6 rats
318 creatures vanquished.

Vanquished Creatures (others)
  17 fungi (D:8)
  5 plants (D:8)
22 creatures vanquished.

Grand Total: 340 creatures vanquished

Notes
Turn   | Place    | Note
-------+----------+-------------------------------------------
     0 | D:1      | Mpower181 the Troll Monk began the quest for the Orb.
     0 | D:1      | Reached XP level 1. HP: 22/22 MP: 0/0
   197 | D:1      | Reached XP level 2. HP: 27/29 MP: 1/1
   915 | D:2      | Reached XP level 3. HP: 35/36 MP: 2/2
  1216 | D:2      | Reached skill level 4 in Unarmed Combat
  1217 | D:2      | Noticed Robin
  1231 | D:2      | Reached XP level 4. HP: 44/44 MP: 3/3
  1239 | D:2      | Killed Robin
  1369 | D:2      | Found a hide-covered altar of Uskayaw.
  1373 | D:2      | Found a blossoming altar of Fedhas.
  1385 | D:2      | Became a worshipper of Uskayaw the Reveler
  1385 | D:2      | Reached * piety under Uskayaw
  1404 | D:2      | Noticed Jessica
  1418 | D:2      | Killed Jessica
  1418 | D:2      | Reached ** piety under Uskayaw
  1505 | D:2      | Reached XP level 5. HP: 52/52 MP: 4/4
  1892 | D:3      | Noticed Terence
  1930 | D:3      | Killed Terence
  1930 | D:3      | Reached skill level 5 in Unarmed Combat
  2006 | D:3      | Noticed Ijyb
  2024 | D:3      | Killed Ijyb
  2105 | D:3      | Found a sparkling altar of Nemelex Xobeh.
  2256 | D:3      | Reached XP level 6. HP: 48/59 MP: 5/5
  2261 | D:3      | Reached *** piety under Uskayaw
  2813 | D:4      | Reached skill level 6 in Unarmed Combat
  2928 | D:4      | Found a shadowy altar of Dithmenos.
  2939 | D:4      | Fell from the grace of Uskayaw
  2939 | D:4      | Became a worshipper of Dithmenos the Shadowed
  2978 | D:4      | Found a hazy altar of Hepliaklqana.
  2996 | D:4      | Reached XP level 7. HP: 65/67 MP: 6/6
  3103 | D:4      | Noticed Grinder
  3105 | D:4      | Paralysed by Grinder for 4 turns
  3115 | D:4      | Killed Grinder
  3115 | D:4      | Reached skill level 7 in Unarmed Combat
  3222 | D:4      | Noticed Edmund
  3247 | D:4      | Killed Edmund
  3472 | D:4      | Found a staircase to the Ecumenical Temple.
  3524 | Temple   | Entered the Ecumenical Temple
  4020 | D:5      | Entered Level 5 of the Dungeon
  4053 | D:5      | Reached skill level 8 in Unarmed Combat
  4094 | D:5      | Reached XP level 8. HP: 66/75 MP: 7/7
  4331 | D:5      | Reached * piety under Dithmenos
  4515 | D:5      | Reached skill level 5 in Dodging
  4516 | D:5      | Found a bloodstained altar of Trog.
  4658 | D:5      | Reached skill level 9 in Unarmed Combat
  4749 | D:5      | Found a radiant altar of Vehumet.
  5075 | D:6      | Paralysed by the fury of Uskayaw for 2 turns
  5305 | D:6      | Reached skill level 10 in Unarmed Combat
  5533 | D:6      | Found a stormy altar of Qazlal.
  5535 | D:6      | Found a hazy altar of Hepliaklqana.
  5535 | D:6      | Found a sacrificial altar of Ru.
  5537 | D:6      | Found a shimmering altar of Xom.
  5537 | D:6      | Found a shimmering altar of Xom.
  5537 | D:6      | Found a shimmering blue altar of Sif Muna.
  5605 | D:6      | Reached ** piety under Dithmenos
  5662 | D:7      | Found Atumuh's Distillery.
  5672 | D:7      | Bought a potion of heal wounds for 65 gold pieces
  5708 | D:7      | Reached XP level 9. HP: 76/83 MP: 8/8
  5794 | D:7      | Found an opulent altar of Gozag.
  5860 | D:7      | Found Tinuk's Assorted Antiques.
  5862 | D:7      | Found Giacvuet's Magic Scroll Boutique.
  5919 | D:7      | Reached skill level 11 in Unarmed Combat
  6017 | D:7      | Paralysed by the fury of Uskayaw for 3 turns
  6246 | D:7      | Got a clouded steel ring
  6342 | D:7      | Noticed Dowan
  6342 | D:7      | Noticed Duvessa
  6374 | D:7      | Killed Duvessa
  6376 | D:7      | Killed Dowan
  6813 | D:7      | Found an ornate altar of the Wu Jian Council.
  6862 | D:8      | Reached skill level 12 in Unarmed Combat
  6982 | D:8      | Found a staircase to the Lair.
  6992 | D:8      | Reached XP level 10. HP: 64/91 MP: 9/9
  7094 | D:8      | Reached *** piety under Dithmenos
  7333 | D:8      | Found Owkomnul's Armour Shop.
  7489 | D:8      | Found a sparkling altar of Nemelex Xobeh.
  7620 | D:8      | Found Ygylakay's Assorted Antiques.
  7740 | D:9      | Was forgiven by Uskayaw
  7767 | D:9      | Reached skill level 13 in Unarmed Combat
  7943 | D:9      | You fall into a shaft and drop 1 floor!
  7943 | D:10     | Entered Level 10 of the Dungeon
  7971 | D:10     | Identified the ring "Yfacibu" {MR+ Str+2 Int+4} (You found
                  | it on level 7 of the Dungeon)
  8105 | D:10     | Reached **** piety under Dithmenos
  8147 | D:10     | Noticed a two-headed ogre
  8155 | D:10     | Killed a two-headed ogre
  8332 | D:10     | Noticed a gargoyle
  8341 | D:10     | Killed a gargoyle
  8716 | D:11     | Reached skill level 14 in Unarmed Combat
  8732 | D:11     | Reached XP level 11. HP: 74/100 MP: 10/10
  8939 | D:11     | Found a staircase to the Orcish Mines.
  9037 | D:11     | Reached ***** piety under Dithmenos
  9512 | D:11     | Noticed a brown ugly thing
  9512 | D:11     | Noticed a cyan ugly thing
  9512 | D:11     | Noticed a cyan ugly thing
  9514 | D:11     | Noticed a white ugly thing
  9514 | D:11     | Noticed a white ugly thing
  9516 | D:11     | Noticed a green ugly thing
  9525 | D:11     | Killed a brown ugly thing
  9529 | D:11     | Killed a cyan ugly thing
  9554 | D:11     | Killed a green ugly thing
  9562 | D:11     | Killed a green ugly thing
  9562 | D:11     | Reached skill level 15 in Unarmed Combat
  9563 | D:11     | Killed a green ugly thing
  9567 | D:11     | Killed a cyan ugly thing
  9766 | D:11     | Noticed a wizard
  9798 | D:11     | Killed a wizard
  9944 | D:11     | Noticed a green very ugly thing
  9945 | D:11     | Noticed a wizard
  9953 | D:11     | HP: 2/101 [poisoned by a green very ugly thing]
  9954 | D:11     | Succumbed to a green very ugly thing's poison

Illustrated notes

Levels and vault maps discovered:
D:1:      lightli_molten_gateway, layout_loops_ring, kennysheep_small_spiral
D:2:      layout_basic, minitemple, serial_rivers,
          chequers_serial_rivers_large_a, chequers_serial_rivers_micro_d,
          chequers_serial_rivers_micro_b, chequers_serial_rivers_small_a,
          chequers_serial_rivers_micro_a, uniq_robin, uniq_jessica
D:3:      layout_basic, lemuel_doored_altar, moated_statue,
          corexii_item_surrounded_by_moat, small_statue_intersection,
          serial_bayou_pond_d, serial_park_tiny_1, uniq_terence, uniq_ijyb
D:4:      layout_cave_pods, kennysheep_little_box, minmay_temple_entry_poolview,
          grunt_dithmenos_shadows, uniq_edmund, uniq_grinder
D:5:      layout_basic, fiery_altar_vehumet, gup_sewer_entry_bowl, first_ration,
          st_stairs_6, hex_tiny, trog_butcher_becter
D:6:      layout_basic, doesnt_xom_only_xom
D:7:      layout_basic, kennysheep_mini, serial_shops, shop, shop, shop,
          dk_noncrumbling_4, grunt_livestock, hangedman_decor_diamond_cutter,
          grunt_gozag_breadcrumbs, uniq_duvessa
D:8:      layout_rooms, due_lair_maze_entry_diamond, serial_shops, shop,
          nicolae_shop_competitors_out_of_business, nemelex_diamond_rough_becter
D:9:      layout_layer_cave, overflow_temple_1_default,
          yredelemnul_forgotten_temple_becter, basic_altar, uniq_maggie,
          uniq_erolcha
D:10:     layout_roguey, chequers_serial_rivers_room_a
D:11:     cheibrodos_breeding_chamber, layout_basic, david_orc_2
Temple:   oiseaux_autumnal_temple

Skill      XL: |  1  2  3  4  5  6  7  8  9 10 11 |
---------------+----------------------------------+-----
Dodging        | 3 4 5 6 7 |  7.6
Unarmed Combat | 4 5 6 8 10 12 14 15 | 15.4
Fighting       | 3 4 |  4.6
Stealth        | |  1.0

Action                   |  1- 3 |  4- 6 |  7- 9 | 10-12 || total
-------------------------+-------+-------+-------+-------++-------
Melee: Unarmed           |   118 |   215 |   255 |   324 ||   912
       Punch             |     1 |     2 |    17 |    17 ||    37
  Use: Scroll            |     4 |     7 |     1 |     5 ||    17
       Potion            |       |     2 |       |     5 ||     7
 Stab: Sleeping          |     2 |       |     3 |     2 ||     7
       Distracted        |       |       |     1 |       ||     1
  Eat: Chunk             |    17 |    16 |    33 |    27 ||    93
Armor: Robe              |    55 |    57 |    60 |    67 ||   239
Dodge: Dodged            |    97 |   118 |   104 |   161 ||   480
